 Dungeon Crawl Stone Soup version 0.22-a0-252-gcace5d2 (webtiles) character file.

8339 varam the Geomancer (level 11, -1/64 HPs)
             Began as a Gargoyle Earth Elementalist on Feb 27, 2018.
             Was an Elder of Vehumet.
             Slain by an ice devil (9 damage)
             ... on level 11 of the Dungeon on Mar 1, 2018.
             The game lasted 00:43:30 (10179 turns).

varam the Geomancer (Gargoyle Earth Elementalist)  Turns: 10179, Time: 00:43:30

Health: -1/64      AC: 18    Str: 18    XL:     11   Next: 29%
Magic:  8/18       EV: 20    Int: 18    God:    Vehumet [****..]
Gold:   469        SH:  0    Dex: 15    Spells: 2/20 levels left

rFire    + . .     SeeInvis .   C - +0 hand axe (elec)
rCold    + . .     Gourm    .   (no shield)
rNeg     + . .     Faith    .   c - +1 robe
rPois    ∞         Spirit   .   O - +0 helmet
rElec    +         Reflect  .   F - +2 cloak
rCorr    +         Harm     .   A - +0 pair of gloves
MR       .....     Clarity  +   U - +0 pair of boots
Stlth    +++.......             N - amulet of rage
HPRegen  0.20/turn              p - ring of resist corrosion
MPRegen  0.16/turn              a - ring of protection from fire

@: mighty, agile, about to teleport, berserk cooldown, slowed, very slow
A: clarity, cold resistance 1, negative energy resistance 1, electricity
resistance, unbreathing, petrification resistance, rot immunity, AC +8
a: Renounce Religion, Evoke Berserk Rage


You were on level 11 of the Dungeon.
You worshipped Vehumet.
Vehumet was greatly pleased with you.
You were not hungry.

You visited 2 branches of the dungeon, and saw 13 of its levels.

You collected 469 gold pieces.

Inventory:

Hand Weapons
 q - a +1 dagger of venom
 r - a +2 falchion of holy wrath
 C - a +0 hand axe of electrocution (weapon)
Missiles
 B - a throwing net
 S - 14 stones (quivered)
Armour
 c - a +1 robe (worn)
 A - a +0 pair of gloves (worn)
 F - a +2 cloak (worn)
 O - a +0 helmet (worn)
 R - the +0 chain mail of the Falcon {+Inv rPois rN+ Int-5}
   (You found it on level 9 of the Dungeon)

   It affects your intelligence (-5).
   It protects you from poison.
   It protects you from negative energy.
   It lets you turn invisible.
 U - a +0 pair of boots (worn)
Magical Staves
 M - an uncursed staff of fire
Jewellery
 a - a ring of protection from fire (right hand)
 p - a ring of resist corrosion (left hand)
 N - an amulet of rage (around neck)
Wands
 b - a wand of scattershot (4)
 u - a wand of paralysis (14)
 x - a wand of enslavement (14)
 H - a wand of acid (4)
 L - a wand of polymorph (4)
 T - a wand of iceblast (7)
Scrolls
 g - 3 scrolls of amnesia
 h - 5 scrolls of enchant armour
 i - 2 scrolls of blinking {unknown}
 j - a scroll of summoning {unknown}
 s - a scroll of teleportation
 w - a scroll of immolation
 y - a scroll of fog {unknown}
 z - 2 scrolls of magic mapping {unknown}
 D - a scroll of enchant weapon {unknown}
 J - 3 scrolls of brand weapon
 K - a scroll of random uselessness {unknown}
 P - a scroll of vulnerability {unknown}
 Q - a scroll of remove curse
Potions
 e - 2 potions of agility
 f - 3 potions of might
 k - a potion of magic
 l - 3 potions of flight
 m - 3 potions of haste
 n - a potion of lignification {unknown}
 o - a potion of brilliance
 v - 3 potions of mutation
 E - a potion of cancellation {unknown}
 G - a potion of ambrosia {unknown}
 I - a potion of curing {unknown}
 V - a potion of invisibility {unknown}
Comestibles
 d - 20 rations


   Skills:
 + Level 5.7 Fighting
 + Level 4.1 Axes
 + Level 5.6 Armour
 + Level 4.7 Dodging
 - Level 2.1 Stealth
 + Level 5.2 Spellcasting
 + Level 9.1 Conjurations
 - Level 0.7 Transmutations
 + Level 4.5 Fire Magic
 * Level 10.3 Earth Magic


You had 2 spell levels left.
You knew the following spells:

 Your Spells              Type           Power        Failure   Level  Hunger
a - Sandblast             Erth           #####.       1%          1    None
b - Stone Arrow           Conj/Erth      #####.       1%          3    ##.....
c - Passwall              Tmut/Erth      ###.......   1%          2    #......
d - Flame Tongue          Conj/Fire      ####.        1%          1    None
e - Lee's Rapid Deconstr  Erth           #####.....   1%          5    ######.
f - Mephitic Cloud        Conj/Pois/Air  ###.....     3%          3    ##.....
g - Ignite Poison         Fire/Tmut/Pois ##......     5%          3    ##.....


Dungeon Overview and Level Annotations

Branches:
Dungeon (12/15)            Temple (1/1) D:4            Lair (0/6) D:8
    Orc: D:9-12

Altars:
Ashenzari
Cheibriados
Dithmenos
Elyvilon
Fedhas
Gozag
Hepliaklqana
Kikubaaqudgha
Makhleb
Nemelex Xobeh
Okawaru
Qazlal
Ru
Sif Muna
Trog
Uskayaw
Vehumet
Wu Jian
Xom
Yredelemnul
Zin
The Shining One

Shops:
D:8 :   D:10 :


Innate Abilities, Weirdness & Mutations

You are resistant to torment.
Your stone body is resilient. (AC +8)
You are immune to poison.
You resist negative energy. (rN+)
You are resistant to electric shocks. (rElec)
You can survive without breathing.
You are immune to petrification.
You are immune to rotting.
You possess an exceptional clarity of mind.
Your flesh is cold resistant. (rC+)


Message History

Something unseen opens the door.
Found 20 gold pieces.
There is a stone staircase leading down here.
The ice devil closely misses you.
You climb downwards.
A scorpion and an ugly thing come into view.
Found a scroll of remove curse, 2 scrolls labeled ICAUC RIYM and a battleaxe.
There is a stone staircase leading up here.
The ice devil hits you but does no damage.
The ice devil misses you.
You climb upwards.
You feel a wave of frost pass over you.
There is an entrance to an ice cave on this level.
Hurry and find it before the portal melts!
The ice devil misses you.
The ice devil hits you but does no damage.
There is a stone staircase leading down here.
As you read the scroll of teleportation, it crumbles to dust.
You feel strangely unstable. The ice devil barely misses you.
The ice devil hits you!
You die...

#....#
#....#
#####
###'##
#.'.#
##.#
#†#...4..
#..# #.+
##4..
#.##
#####.# .
#.#
#.....#
###'#####
#....4###
#.......#
#...@...#
#.......#
#...4...#
#.......+
#.......#
+.......#
+.......#
#.......#
#.......#
#####'###
#....$..#
#.#
#.......#
#.#
####+####
#.#


You could see 2 ice devils.

Vanquished Creatures
  A two-headed ogre (D:9)
  Pikel (D:7)
  A hornet (D:11)
  A hippogriff (D:9)
  The ghost of Soeti the Insei, an amateur OpTm (D:5)
  6 yaks
  2 steam dragons (D:8)
  A hungry ghost (D:10)
  A soldier ant (D:10)
  Duvessa (D:7)
  A water moccasin (D:11)
  An ice beast (D:7)
  2 orc warriors
  A sky beast (D:7)
  2 black bears
  2 phantoms
  2 necrophages
  A centaur (D:7)
  7 ogres
  The ghost of Amnesiac the Ducker, an amateur SpFi (D:4)
  A big kobold (D:7)
  9 bullfrogs
  A gnoll sergeant (D:5)
  Dowan (D:7)
  7 scorpions
  A water moccasin skeleton (D:6)
  5 killer bees (D:9)
  4 howler monkeys
  4 wights
  A centaur zombie (D:9)
  4 crimson imps
  4 jellies
  10 hounds
  6 orc priests
  A bullfrog skeleton (D:5)
  6 iguanas
  10 orc wizards
  Ijyb (D:5)
  5 worker ants
  A killer bee zombie (D:8)
  A hound skeleton (D:4)
  A howler monkey skeleton (D:4)
  9 gnolls
  10 adders
  A shadow imp (D:9)
  An ooze (D:4)
  An adder zombie (D:5)
  3 adder skeletons
  3 worms
  2 dart slugs
  7 leopard geckos
  50 orcs
  4 giant cockroaches
  3 goblins
  12 hobgoblins
  18 jackals
  6 kobolds
  3 quokkas
  8 bats
  3 frilled lizards
  2 leopard gecko skeletons
  2 quokka skeletons
  A quokka zombie (D:6)
  5 rats
274 creatures vanquished.

Vanquished Creatures (others)
  2 slaves (D:8)
  An orc (D:8)
  2 kobolds (D:8)
  2 fungi (D:8)
  A plant (D:8)
8 creatures vanquished.

Grand Total: 282 creatures vanquished

Notes
Turn   | Place    | Note
-------+----------+-------------------------------------------
     0 | D:1      | varam the Gargoyle Earth Elementalist began the quest for the Orb.
     0 | D:1      | Reached XP level 1. HP: 10/10 MP: 3/3
   169 | D:1      | Reached skill level 4 in Earth Magic
   232 | D:1      | Reached XP level 2. HP: 15/15 MP: 0/5
   535 | D:1      | Upgraded the game from 0.22-a0-247-gbddf880 to 0.22-a0-252-gcace5d2
   975 | D:2      | Reached skill level 5 in Earth Magic
   975 | D:2      | Reached XP level 3. HP: 19/19 MP: 3/6
  1388 | D:2      | Learned a level 3 spell: Stone Arrow
  1441 | D:2      | Found a shimmering altar of Xom.
  1528 | D:3      | Reached skill level 1 in Conjurations
  1528 | D:3      | Reached XP level 4. HP: 22/24 MP: 1/7
  2040 | D:4      | Reached skill level 2 in Conjurations
  2064 | D:4      | Reached skill level 3 in Conjurations
  2064 | D:4      | Reached XP level 5. HP: 13/28 MP: 0/8
  2245 | D:3      | Reached skill level 4 in Conjurations
  2309 | D:4      | Reached XP level 6. HP: 30/32 MP: 3/9
  2353 | D:5      | Entered Level 5 of the Dungeon
  2353 | D:5      | Noticed Ijyb
  2360 | D:5      | Killed Ijyb
  2474 | D:4      | Reached skill level 5 in Conjurations
  2486 | D:4      | Found a staircase to the Ecumenical Temple.
  2542 | Temple   | Entered the Ecumenical Temple
  2676 | Temple   | Became a worshipper of Vehumet
  3029 | D:4      | Learned a level 2 spell: Passwall
  3042 | D:4      | Reached skill level 6 in Conjurations
  3062 | D:4      | Noticed Amnesiac's ghost (amateur SpFi)
  3313 | D:4      | Reached XP level 7. HP: 27/36 MP: 0/10
  3319 | D:4      | Killed Amnesiac's ghost
  3777 | D:5      | Reached skill level 1 in Fighting
  3777 | D:5      | Reached skill level 1 in Armour
  3842 | D:5      | Reached skill level 2 in Dodging
  3842 | D:5      | Reached skill level 6 in Earth Magic
  4110 | D:5      | Reached skill level 7 in Conjurations
  4157 | D:5      | Noticed Soeti's ghost (amateur OpTm)
  4223 | D:6      | Reached skill level 2 in Fighting
  4223 | D:6      | Reached XP level 8. HP: 44/44 MP: 9/11
  4498 | D:5      | Reached * piety under Vehumet
  4498 | D:5      | Offered knowledge of Flame Tongue by Vehumet.
  4501 | D:5      | Learned a level 1 spell: Flame Tongue
  4507 | D:5      | Learned a level 5 spell: Lee's Rapid Deconstruction
  4520 | D:5      | Reached skill level 2 in Armour
  4623 | D:5      | Found a bloodstained altar of Trog.
  5407 | D:6      | Reached skill level 3 in Spellcasting
  5502 | D:6      | Reached skill level 1 in Axes
  5541 | D:6      | Reached skill level 1 in Fire Magic
  5707 | D:6      | Reached skill level 3 in Fighting
  5707 | D:6      | Reached skill level 7 in Earth Magic
  5729 | D:6      | Reached skill level 3 in Armour
  5729 | D:6      | Reached XP level 9. HP: 46/50 MP: 8/14
  5866 | D:5      | Killed Soeti's ghost
  5866 | D:5      | Reached skill level 3 in Dodging
  5960 | D:7      | Reached ** piety under Vehumet
  5969 | D:7      | Offered knowledge of Sting by Vehumet.
  5969 | D:7      | Reached skill level 2 in Fire Magic
  6051 | D:7      | Reached skill level 2 in Axes
  6066 | D:7      | Noticed Dowan
  6121 | D:7      | Noticed Duvessa
  6232 | D:7      | Reached skill level 8 in Conjurations
  6317 | D:7      | Reached skill level 8 in Earth Magic
  6327 | D:7      | Killed Duvessa
  6332 | D:7      | Killed Dowan
  6691 | D:7      | Found a stormy altar of Qazlal.
  6753 | D:7      | Reached skill level 4 in Spellcasting
  6819 | D:7      | Reached skill level 4 in Fighting
  6979 | D:8      | Offered knowledge of Mephitic Cloud by Vehumet.
  6986 | D:7      | Learned a level 3 spell: Mephitic Cloud
  7042 | D:8      | Found Caawkem's Book Emporium.
  7043 | D:8      | Noticed Pikel
  7062 | D:7      | Reached skill level 4 in Armour
  7083 | D:7      | Killed Pikel
  7083 | D:7      | Reached skill level 3 in Fire Magic
  7083 | D:7      | Reached XP level 10. HP: 43/58 MP: 4/16
  7262 | D:8      | Reached skill level 3 in Axes
  7267 | D:8      | Reached *** piety under Vehumet
  7372 | D:8      | Found a staircase to the Lair.
  7520 | D:8      | Reached skill level 9 in Earth Magic
  7755 | D:8      | Noticed a two-headed ogre
  7891 | D:9      | Found a snail-covered altar of Cheibriados.
  7896 | D:9      | Found an opulent altar of Gozag.
  7897 | D:9      | Noticed a two-headed ogre
  7911 | D:9      | Killed a two-headed ogre
  7911 | D:9      | Reached skill level 4 in Dodging
  7970 | D:9      | Offered knowledge of Ignite Poison by Vehumet.
  8027 | D:9      | Learned a level 3 spell: Ignite Poison
  8034 | D:9      | Reached skill level 5 in Fighting
  8069 | D:9      | Got a fine chain mail
  8080 | D:9      | Identified the cursed +0 chain mail of the Falcon {+Inv rPois rN+ Int-5} (You found it on level 9 of the Dungeon)
  8102 | D:10     | Entered Level 10 of the Dungeon
  8177 | D:9      | Reached skill level 5 in Armour
  8202 | D:9      | Reached skill level 4 in Fire Magic
  8341 | D:9      | Found a shadowy altar of Dithmenos.
  8341 | D:9      | Found an iron altar of Okawaru.
  8342 | D:9      | Found a hide-covered altar of Uskayaw.
  8342 | D:9      | Found an ancient bone altar of Kikubaaqudgha.
  8343 | D:9      | Found an ornate altar of the Wu Jian Council.
  8471 | D:9      | Found a glowing golden altar of the Shining One.
  8471 | D:9      | Found a white marble altar of Elyvilon.
  8519 | D:9      | Reached XP level 11. HP: 49/64 MP: 6/18
  8977 | D:10     | Reached skill level 5 in Spellcasting
  8997 | D:10     | Reached **** piety under Vehumet
  8997 | D:10     | Reached skill level 10 in Earth Magic
  9088 | D:10     | Reached skill level 9 in Conjurations
  9432 | D:10     | Found Ofoitoiz's Book Shop.
  9664 | D:10     | Offered knowledge of Inner Flame by Vehumet.
  9712 | D:11     | Reached skill level 4 in Axes
  9836 | D:11     | Noticed a purple ugly thing
 10157 | D:11     | Gained mutation: Your flesh is cold resistant. (rC+) [potion of mutation]
 10157 | D:11     | Gained mutation: You possess an exceptional clarity of mind. [potion of mutation]
 10157 | D:11     | HP: 3/64 [yak (9)]
 10162 | D:11     | HP: 5/96 [bullfrog (1)]
 10176 | D:12     | Noticed a red ugly thing
 10179 | D:11     | Slain by an ice devil

Vault maps used:
D:1:      ncdulo_halloftheorcs
D:2:      tgw_xom
D:3:      first_ration, due_unseen_surprise
D:4:      minmay_temple_entry_glass
D:5:      trog_hazing_becter, uniq_ijyb
D:6:      nicolae_sextant
D:7:      lemuel_round_altar, uniq_duvessa
D:8:      dpeg_oklobed_lair, serial_shops, shop, uniq_pikel
D:9:      grunt_temple_overflow_open, gammafunk_temple_overflow_elements
D:10:     serial_shops, kennysheep_mini_moat, grunt_pizzeria
D:11:     portal_ice_cave_demonic_guard
D:12:     hangedman_cross_veins, orc_0_dummy, minmay_protected_statue
Temple:   minmay_temple_curvy_loop

Skill      XL: |  1  2  3  4  5  6  7  8  9 10 11 |
---------------+----------------------------------+-----
Earth Magic    | 4 5 6 7 8 9 10 | 10.3
Conjurations   | 1 3 4 6 7 8 9 |  9.1
Fighting       | 2 3 4 5 |  5.7
Armour         | 1 3 4 5 |  5.6
Dodging        | 2 3 4 |  4.7
Spellcasting   | 3 4 5 |  5.2
Axes           | 1 2 3 4 |  4.1
Fire Magic     | 1 3 4 |  4.5
Stealth        | |  2.1
Transmutations | |  0.7

Action                   |  1- 3 |  4- 6 |  7- 9 | 10-12 || total
-------------------------+-------+-------+-------+-------++-------
Melee: Unarmed           |     3 |       |       |       ||     3
       Club              |     6 |       |       |       ||     6
       Dagger            |       |    46 |    15 |       ||    61
       Hand axe          |       |       |    89 |    87 ||   176
 Cast: Sandblast         |    58 |    57 |   167 |    94 ||   376
       Stone Arrow       |       |     9 |    28 |    51 ||    88
       Mephitic Cloud    |       |       |     3 |     1 ||     4
       Lee's Rapid Decon |       |       |       |    10 ||    10
       Flame Tongue      |       |       |       |     1 ||     1
       Ignite Poison     |       |       |       |     1 ||     1
       Passwall          |       |       |       |     1 ||     1
Evoke: Wand              |       |       |     2 |     1 ||     3
  Use: Scroll            |     5 |     1 |     8 |     5 ||    19
       Potion            |       |       |       |     4 ||     4
 Stab: Sleeping          |       |     1 |     1 |     1 ||     3
  Eat: Chunk             |     3 |     7 |    15 |    16 ||    41
       Ration            |       |       |       |     1 ||     1
Armor: Robe              |     6 |    21 |    72 |    73 ||   172
       Chain mail        |       |       |       |    27 ||    27
Dodge: Dodged            |    14 |    39 |   126 |   122 ||   301

Table legend:
 A = Spawn XP
 B = Non-spawn XP
 C = Spawn XP percentage of total XP
 D = Spawn monster count
 E = Non-spawn monster count
 F = Spawn count percentage of total count
 G = Total turns spent on level
                    A         B        C        D         E        F      G
               +---------+---------+-------+---------+---------+-------+---------
         Total |       0 |   11913 |   0.0 |       0 |     273 |   0.0 | 10179
               +---------+---------+-------+---------+---------+-------+---------
           D:1 |       0 |      24 |   0.0 |       0 |      14 |   0.0 |   891
           D:2 |       0 |      57 |   0.0 |       0 |      19 |   0.0 |   624
           D:3 |       0 |      71 |   0.0 |       0 |       9 |   0.0 |   767
           D:4 |       0 |     542 |   0.0 |       0 |      29 |   0.0 |  1161
           D:5 |       0 |     953 |   0.0 |       0 |      33 |   0.0 |  1419
           D:6 |       0 |    1000 |   0.0 |       0 |      29 |   0.0 |   889
           D:7 |       0 |    2410 |   0.0 |       0 |      44 |   0.0 |  1232
           D:8 |       0 |    1117 |   0.0 |       0 |      26 |   0.0 |   577
           D:9 |       0 |    3067 |   0.0 |       0 |      30 |   0.0 |  1035
          D:10 |       0 |    1353 |   0.0 |       0 |      22 |   0.0 |  1075
          D:11 |       0 |    1319 |   0.0 |       0 |      18 |   0.0 |   279
               +---------+---------+-------+---------+---------+-------+---------
